EL
CHATTANOOGA LOOKOUTS @ PORTLAND SEA DOGS
08/22/2048
 
TOP OF THE 1ST
Chattanooga Lookouts batting - Pitching for Portland Sea Dogs : RHP Chris Cory
Pitching: RHP Chris Cory
Batting: SHB Matt Urbani 0-0: Called Strike
0-1: Foul Ball, location: 2F
0-2: Foul Ball, location: 2F
0-2: Ball
1-2: Strikes out swinging, 2-3 out at first.
Batting: LHB Marshall Daul 0-0: Ball
1-0: Foul Ball, location: 2F
1-1: Swinging Strike
1-2: Strikes out swinging
Batting: LHB Jon Ventura 0-0: Called Strike
0-1: Ball
1-1: Ball
2-1: Fly out, F9 (Flyball, 9D, EV 101.2 MPH)
Top of the 1st over - 0 runs, 0 hits, 0 errors, 0 left on base; Chattanooga 0 - Portland 0
BOTTOM OF THE 1ST
Portland Sea Dogs batting - Pitching for Chattanooga Lookouts : RHP Tim Weller
Pitching: RHP Tim Weller
Batting: LHB Dave Reyes 0-0: Ball
1-0: Ground out U3 (Groundball, 34, EV 83.8 MPH)
Batting: LHB Sergio Tinoco 0-0: Called Strike
0-1: Ball
1-1: Swinging Strike
1-2: Ball
2-2: Strikes out swinging
Batting: RHB Ernie Genier 0-0: Swinging Strike
0-1: Ball
1-1: Ball
2-1: SINGLE (Groundball, 6D, EV 96.9 MPH)
Batting: LHB David Moore 0-0: Ball
1-0: Swinging Strike
1-1: 2-RUN HOME RUN (Flyball, 7LD, EV 95.6 MPH), Distance : 346 ft
Batting: RHB Travis Campbell 0-0: Foul Ball, location: 2F
0-1: Ball
1-1: Ball
2-1: Foul Ball, location: 2F
2-2: Foul Ball, location: 2F
2-2: Ball
3-2: Foul Ball, location: 2F
3-2: Foul Ball, location: 2F
3-2: Strikes out looking
Bottom of the 1st over - 2 runs, 2 hits, 0 errors, 0 left on base; Chattanooga 0 - Portland 2
TOP OF THE 2ND
Chattanooga Lookouts batting - Pitching for Portland Sea Dogs : RHP Chris Cory
Batting: RHB Leo Gonzalez 0-0: Foul Ball, location: 2F
0-1: Foul Ball, location: 2F
0-2: Ball
1-2: Strikes out swinging
Batting: RHB Michael McDonald 0-0: Ball
1-0: Ball
2-0: Called Strike
2-1: DOUBLE (Line Drive, 9LS, EV 103.8 MPH)
Batting: LHB David Campbell 0-0: Ball
1-0: Foul Ball, location: 2F
1-1: SINGLE (Groundball, 4MD, EV 104.4 MPH)
Michael McDonald to third
Runner from 3rd tries for Home, SAFE, throw by CF to home
Batting: RHB Nick Phipps 0-0: Called Strike
0-1: Ball
1-1: Ball
2-1: Ball
3-1: Base on Balls
David Campbell to second
Batting: RHB Graham Calvert 0-0: Reached via error on a dropped throw from SS, E4 (Groundball, 6, EV 103.8 MPH)
David Campbell to third
Nick Phipps to second
Batting: RHB Jose Gracia 0-0: Called Strike
0-1: Fly out, F8 (Line Drive, 89D, EV 94.4 MPH)
Runner from 3rd tags up, SCORES, no throw by CF
Nick Phipps to third
Batting: SHB Matt Urbani 0-0: Called Strike
0-1: Ball
1-1: Ball
2-1: Swinging Strike
2-2: Ground out U3 (Groundball, 3, EV 89.4 MPH)
Top of the 2nd over - 2 runs, 2 hits, 1 error, 2 left on base; Chattanooga 2 - Portland 2
BOTTOM OF THE 2ND
Portland Sea Dogs batting - Pitching for Chattanooga Lookouts : RHP Tim Weller
Batting: RHB Alex Melendez 0-0: Ball
1-0: Swinging Strike
1-1: Ball
2-1: Ball
3-1: Called Strike
3-2: Foul Ball, location: 2F
3-2: Base on Balls
Batting: RHB Miguel Villanueva 0-0: Ball
1-0: Foul Ball, location: 2F
1-1: Called Strike
1-2: Foul Ball, location: 2F
1-2: Foul Ball, location: 2F
1-2: Ball
2-2: Ball
3-2: Reached on error, E4 (Groundball, 13, EV 85.0 MPH)
Alex Melendez to second
Batting: SHB Gus Cruz 0-0: SINGLE (Flyball, 78S, EV 88.8 MPH)
Alex Melendez to third
Miguel Villanueva to second
Runner from 3rd tries for Home, throw by LF and OUT! 7-2
Miguel Villanueva to third
Gus Cruz to second
Batting: RHB Larry Brocato 0-0: Swinging Strike
0-1: Swinging Strike
0-2: Fly out, F9 (Line Drive, 9D, EV 86.9 MPH)
Runner from 3rd tags up, SCORES, no throw by RF
Gus Cruz to third
Batting: LHB Dave Reyes 0-0: Ball
1-0: Ball
2-0: SINGLE (Line Drive, 9S, EV 103.1 MPH)
Gus Cruz scores
Batting: LHB Sergio Tinoco 0-0: Called Strike
0-1: Ball
1-1: Ball
2-1: Swinging Strike
2-2: Fly out, F9 (Flyball, 9D, EV 102.5 MPH)
Bottom of the 2nd over - 2 runs, 2 hits, 1 error, 1 left on base; Chattanooga 2 - Portland 4
TOP OF THE 3RD
Chattanooga Lookouts batting - Pitching for Portland Sea Dogs : RHP Chris Cory
Batting: LHB Marshall Daul 0-0: Called Strike
0-1: Called Strike
0-2: Foul Ball, location: 2F
0-2: Foul Ball, location: 2F
0-2: Ball
1-2: Ball
2-2: Foul Ball, location: 2F
2-2: Hit by Pitch
Batting: LHB Jon Ventura 0-0: Ball
1-0: Ball
Marshall Daul is caught stealing 2nd base 2-6
2-0: Called Strike
2-1: SINGLE (Groundball, 6MD, EV 81.2 MPH) (infield hit)
Batting: RHB Leo Gonzalez 0-0: Called Strike
Jon Ventura steals 2nd base (no throw)
0-1: Foul Ball, location: 2F
0-2: Ball
1-2: Foul Ball, location: 2F
1-2: Foul Ball, location: 2F
1-2: Ball
2-2: TRIPLE (Line Drive, 89XD, EV 110.0 MPH)
Jon Ventura scores
Batting: RHB Michael McDonald 0-0: Ball
1-0: Foul Ball, location: 2F
1-1: Swinging Strike
1-2: Foul Ball, location: 2F
1-2: Ball
2-2: Strikes out swinging
Batting: LHB David Campbell 0-0: Called Strike
0-1: Fly out, F7 (Flyball, 78M, EV 78.8 MPH)
Top of the 3rd over - 1 run, 2 hits, 0 errors, 1 left on base; Chattanooga 3 - Portland 4
BOTTOM OF THE 3RD
Portland Sea Dogs batting - Pitching for Chattanooga Lookouts : RHP Tim Weller
Batting: RHB Ernie Genier 0-0: Called Strike
0-1: SINGLE (Flyball, 5D, EV 88.8 MPH)
Batting: LHB David Moore 0-0: Ball
1-0: Ball
2-0: Grounds into double play, 1-6-3 (Groundball, 13S, EV 75.6 MPH)
Batting: RHB Travis Campbell 0-0: Ball
1-0: Called Strike
1-1: Ball
2-1: Ball
3-1: Ground out 4-3 (Groundball, 4, EV 94.4 MPH)
Bottom of the 3rd over - 0 runs, 1 hit, 0 errors, 0 left on base; Chattanooga 3 - Portland 4
TOP OF THE 4TH
Chattanooga Lookouts batting - Pitching for Portland Sea Dogs : RHP Chris Cory
Batting: RHB Nick Phipps 0-0: Foul Ball, location: 2F
0-1: Called Strike
0-2: Ball
1-2: Strikes out swinging
Batting: RHB Graham Calvert 0-0: SINGLE (Groundball, 56D, EV 93.8 MPH)
Batting: RHB Jose Gracia 0-0: Called Strike
0-1: Fly out, F8 (Flyball, 8LM, EV 85.0 MPH)
Batting: SHB Matt Urbani 0-0: Called Strike
0-1: Called Strike
0-2: Strikes out swinging
Top of the 4th over - 0 runs, 1 hit, 0 errors, 1 left on base; Chattanooga 3 - Portland 4
BOTTOM OF THE 4TH
Portland Sea Dogs batting - Pitching for Chattanooga Lookouts : RHP Tim Weller
Batting: RHB Alex Melendez 0-0: Ball
1-0: Ball
2-0: Ball
3-0: Called Strike
3-1: Base on Balls
Batting: RHB Miguel Villanueva 0-0: Called Strike
0-1: SINGLE (Groundball, 56D, EV 95.0 MPH)
Alex Melendez to second
Batting: SHB Gus Cruz 0-0: Swinging Strike
0-1: Called Strike
0-2: Ball
1-2: Ball
2-2: Ball
3-2: Foul Ball, location: 2F
3-2: Reached on error, E4 (Groundball, 34, EV 115.0 MPH)
Alex Melendez to third
Miguel Villanueva to second
Batting: RHB Larry Brocato 0-0: Called Strike
0-1: Called Strike
0-2: Ball
1-2: Ball
2-2: Ball
Wild Pitch!
Alex Melendez scores
Miguel Villanueva to third
Gus Cruz to second
3-2: SINGLE (Line Drive, 89M, EV 97.5 MPH)
Miguel Villanueva scores
Gus Cruz to third
Runner from 3rd tries for Home, SAFE, throw by RF to home
Pitching: RHP Danny Lucero
Batting: LHB Dave Reyes 0-0: Ball
1-0: Foul Ball, location: 2F
1-1: Called Strike
1-2: Ball
2-2: Strikes out swinging
Batting: LHB Sergio Tinoco 0-0: Called Strike
0-1: Foul Ball, location: 2F
0-2: Strikes out looking
Batting: RHB Ernie Genier 0-0: Ball
1-0: Called Strike
1-1: Foul Ball, location: 2F
1-2: Fly out, F8 (Flyball, 89S, EV 84.4 MPH)
Bottom of the 4th over - 3 runs, 2 hits, 1 error, 1 left on base; Chattanooga 3 - Portland 7
TOP OF THE 5TH
Chattanooga Lookouts batting - Pitching for Portland Sea Dogs : RHP Chris Cory
Batting: LHB Marshall Daul 0-0: Called Strike
0-1: Foul Ball, location: 2F
0-2: Strikes out swinging
Batting: LHB Jon Ventura 0-0: Swinging Strike
0-1: Swinging Strike
0-2: Fly out, F9 (Flyball, 89M, EV 78.8 MPH)
Batting: RHB Leo Gonzalez 0-0: Ball
1-0: Foul Ball, location: 2F
1-1: Called Strike
1-2: Fly out, F7 (Flyball, 7, EV 93.1 MPH)
Top of the 5th over - 0 runs, 0 hits, 0 errors, 0 left on base; Chattanooga 3 - Portland 7
BOTTOM OF THE 5TH
Portland Sea Dogs batting - Pitching for Chattanooga Lookouts : RHP Danny Lucero
Batting: LHB David Moore 0-0: Called Strike
0-1: Called Strike
0-2: Foul Ball, location: 2F
0-2: Ball
1-2: Ball
2-2: Ball
3-2: Base on Balls
Batting: RHB Travis Campbell 0-0: Called Strike
0-1: Ball
1-1: SINGLE (Line Drive, 4D, EV 105.0 MPH)
David Moore to second
Batting: RHB Alex Melendez 0-0: Called Strike
0-1: Called Strike
0-2: Ball
1-2: Foul Ball, location: 2F
1-2: Ball
2-2: Ball
3-2: Foul Ball, location: 2F
3-2: SINGLE (Line Drive, 78M, EV 98.8 MPH)
David Moore to third
Travis Campbell to second
Batting: RHB Miguel Villanueva 0-0: Ball
1-0: Foul Ball, location: 2F
1-1: Ball
2-1: Ball
3-1: Called Strike
3-2: SINGLE (Groundball, 4D, EV 102.5 MPH)
David Moore scores
Travis Campbell to third
Alex Melendez to second
Batting: SHB Gus Cruz 0-0: Ball
Wild Pitch!
Travis Campbell scores
Alex Melendez to third
Miguel Villanueva to second
1-0: Called Strike
1-1: Ground out 4-3 (Groundball, 34D, EV 89.4 MPH)
Alex Melendez scores
Miguel Villanueva to third
Batting: RHB Larry Brocato 0-0: Ball
1-0: Ball
2-0: Called Strike
2-1: Ball
3-1: Swinging Strike
3-2: Ground out 2-3 (Groundball, 2L, EV 62.5 MPH)
Batting: LHB Dave Reyes 0-0: Ball
1-0: Ball
2-0: Foul Ball, location: 2F
2-1: Foul Ball, location: 2F
2-2: Strikes out looking
Bottom of the 5th over - 3 runs, 3 hits, 0 errors, 1 left on base; Chattanooga 3 - Portland 10
TOP OF THE 6TH
Chattanooga Lookouts batting - Pitching for Portland Sea Dogs : RHP Chris Cory
Batting: RHB Michael McDonald 0-0: Fly out, F5 (Popup, 25, EV 83.1 MPH)
Batting: LHB David Campbell 0-0: Ball
1-0: Foul Ball, location: 2F
1-1: Called Strike
1-2: Ball
2-2: Ball
3-2: Base on Balls
Pitching: RHP Riley Pooley
Batting: RHB Nick Phipps 0-0: Called Strike
0-1: Fly out, F3 (Popup, 3F, EV 66.2 MPH)
Batting: RHB Graham Calvert 0-0: Called Strike
0-1: Ground out 4-3 (Groundball, 4MS, EV 81.9 MPH)
Top of the 6th over - 0 runs, 0 hits, 0 errors, 1 left on base; Chattanooga 3 - Portland 10
BOTTOM OF THE 6TH
Portland Sea Dogs batting - Pitching for Chattanooga Lookouts : RHP Danny Lucero
Batting: LHB Sergio Tinoco 0-0: Foul Ball, location: 2F
0-1: Swinging Strike
0-2: Ball
1-2: Foul Ball, location: 2F
1-2: Fly out, F8 (Flyball, 8LM, EV 90.6 MPH)
Batting: RHB Ernie Genier 0-0: Swinging Strike
0-1: Ball
1-1: Foul Ball, location: 2F
1-2: Ball
2-2: Ball
3-2: Foul Ball, location: 2F
3-2: Base on Balls
Pitching: RHP Willie Romero
Batting: LHB David Moore 0-0: Grounds into double play, 5-4-3 (Groundball, 56S, EV 88.8 MPH)
Bottom of the 6th over - 0 runs, 0 hits, 0 errors, 0 left on base; Chattanooga 3 - Portland 10
TOP OF THE 7TH
Chattanooga Lookouts batting - Pitching for Portland Sea Dogs : RHP Riley Pooley
Batting: RHB Jose Gracia 0-0: Ground out 5-3 (Groundball, 56, EV 103.8 MPH)
Batting: SHB Matt Urbani 0-0: Ball
1-0: Ball
2-0: Called Strike
2-1: Fly out, F8 (Line Drive, 78S, EV 90.0 MPH)
Batting: LHB Marshall Daul 0-0: Foul Ball, location: 2F
0-1: Ball
1-1: Foul Ball, location: 2F
1-2: Ball
2-2: Ground out 6-3 (Groundball, 6M, EV 83.8 MPH)
Top of the 7th over - 0 runs, 0 hits, 0 errors, 0 left on base; Chattanooga 3 - Portland 10
BOTTOM OF THE 7TH
Portland Sea Dogs batting - Pitching for Chattanooga Lookouts : RHP Willie Romero
Batting: RHB Travis Campbell 0-0: Ground out 6-3 (Groundball, 6, EV 82.5 MPH)
Batting: RHB Alex Melendez 0-0: Fly out, F9 (Flyball, 89S, EV 87.5 MPH)
Batting: RHB Miguel Villanueva 0-0: Ball
1-0: Ball
2-0: TRIPLE (Line Drive, 89XD, EV 99.4 MPH)
Batting: SHB Gus Cruz 0-0: SINGLE (Groundball, 34D, EV 98.1 MPH)
Miguel Villanueva scores
Batting: RHB Larry Brocato 0-0: Fly out, F8 (Flyball, 8RD, EV 99.4 MPH)
Bottom of the 7th over - 1 run, 2 hits, 0 errors, 1 left on base; Chattanooga 3 - Portland 11
TOP OF THE 8TH
Chattanooga Lookouts batting - Pitching for Portland Sea Dogs : RHP Riley Pooley
Batting: LHB Jon Ventura 0-0: Ball
1-0: Swinging Strike
1-1: Swinging Strike
1-2: Strikes out looking
Batting: RHB Leo Gonzalez 0-0: Called Strike
0-1: Foul Ball, location: 2F
0-2: Ball
1-2: Ball
2-2: Foul Ball, location: 2F
2-2: Foul Ball, location: 2F
2-2: Ball
3-2: Foul Ball, location: 2F
3-2: Ground out 4-3 (Groundball, 4, EV 82.5 MPH)
Batting: RHB Michael McDonald 0-0: Foul Ball, location: 2F
0-1: Ball
1-1: Foul Ball, location: 2F
1-2: Strikes out looking
Top of the 8th over - 0 runs, 0 hits, 0 errors, 0 left on base; Chattanooga 3 - Portland 11
BOTTOM OF THE 8TH
Portland Sea Dogs batting - Pitching for Chattanooga Lookouts : RHP Willie Romero
Batting: LHB Dave Reyes 0-0: Called Strike
0-1: Foul Ball, location: 2F
0-2: Ground out 6-3 (Groundball, P, EV 89.4 MPH)
Batting: LHB Sergio Tinoco 0-0: Ball
1-0: Hit by Pitch
Pinch Hitting: LHB Parker Lowe 0-0: Fly out, F7 (Flyball, 7, EV 91.9 MPH)
Batting: LHB David Moore 0-0: Called Strike
0-1: Swinging Strike
0-2: Strikes out looking
Bottom of the 8th over - 0 runs, 0 hits, 0 errors, 1 left on base; Chattanooga 3 - Portland 11
TOP OF THE 9TH
Chattanooga Lookouts batting - Pitching for Portland Sea Dogs : RHP Riley Pooley
Now at 1B: Parker Lowe
Batting: LHB David Campbell 0-0: Foul Ball, location: 2F
0-1: Foul Ball, location: 2F
0-2: Ball
1-2: Ground out 4-3 (Groundball, 13, EV 85.6 MPH)
Batting: RHB Nick Phipps 0-0: Called Strike
0-1: Fly out, F8 (Flyball, 8RD, EV 88.8 MPH)
Batting: RHB Graham Calvert 0-0: Ball
1-0: Fly out, F9 (Line Drive, 9, EV 86.2 MPH)
Top of the 9th over - 0 runs, 0 hits, 0 errors, 0 left on base; Chattanooga 3 - Portland 11
Tuesday, March 28th , 2023 - OOTP Baseball 23.10 Build 110